 Dungeon Sprint DCSS version 0.26-a0-1058-g8dc6ce00ff (webtiles) character file.

Game seed: 15051423721930039548

3190 Adamkad1 the Nimble (level 9, 0/79 HPs)
             Began as a Gnoll Gladiator on Dec 13, 2020.
             Was a High Priest of Wu Jian.
             Slain by a basilisk (4 damage)
             ... while petrified by a basilisk
             ... in the Dungeon (Sprint V: "Ziggurat Sprint").
             The game lasted 00:04:21 (1275 turns).

Adamkad1 the Nimble (Gnoll Gladiator)               Turns: 1275, Time: 00:04:22

Health: 0/79       AC:  8    Str: 18    XL:     9   Next: 96%
Magic:  21/21      EV:  2    Int: 13    God:    Wu Jian [*****.]
Gold:   0          SH:  0    Dex: 31    Spells: 24/24 levels left

rFire    . . .     SeeInvis .   n - +9 sword of Zonguldrok {reap}
rCold    . . .     Faith    .   (no shield)
rNeg     + + +     Spirit   .   b - +0 leather armour
rPois    ∞         Reflect  .   L - +0 helmet {Int+3}
rElec    .         Harm     .   (no cloak)
rCorr    .         Rampage  +   (no gloves)
Will     .....     NoTele   +   G - +2 pair of boots {rampage}
Stlth    +++++.....             (no amulet)
HPRegen  0.23/turn              a - ring of Doenaago {+Blink Dex+6}
MPRegen  0.17/turn              A - +6 ring of dexterity

@: lethally poisoned (0 -> 0), exhausted, petrified, studying Fighting
A: distributed training, fangs 1, strong nose
a: Wall Jump, Serpent's Lash, Heavenly Storm, Renounce Religion, Evoke Blink


You were in the Dungeon.
You worshipped Wu Jian.
Wu Jian was extremely pleased with you.
You visited 1 branch

Inventory:

Hand Weapons
 n - the +9 sword of Zonguldrok (weapon) {reap}
   (You found it in the Dungeon)

   If a monster killed with it leaves a corpse in good enough shape, the corpse
   is reanimated as a zombie friendly to the killer.
Missiles
 d - 3 throwing nets (quivered)
Armour
 b - a +0 leather armour (worn)
 c - a +0 helmet
 G - a +2 pair of boots of rampaging (worn)
 L - a +0 helmet of intelligence (worn)
Jewellery
 a - the ring of Doenaago (left hand) {+Blink Dex+6}
   (You found it in the Dungeon)

   [ring of dexterity]

   It affects your dexterity (+6).
   It lets you blink.
 y - an uncursed ring of flight
 z - a +6 ring of dexterity
 A - a +6 ring of dexterity (right hand)
 B - a +6 ring of intelligence
 C - a +6 ring of intelligence
 D - a +6 ring of strength
 E - a +6 ring of strength
 H - an uncursed ring of see invisible
 J - an uncursed ring of stealth
 K - an uncursed ring of resist corrosion
Wands
 v - a wand of disintegration (7)
 w - a wand of iceblast (7)
 x - a wand of acid (7)
Scrolls
 j - 4 scrolls of blinking
 p - 4 scrolls of amnesia
 q - 8 scrolls of fog
 r - a scroll of holy word
 s - 5 scrolls of identify
 t - 5 scrolls of remove curse
 u - 2 scrolls of fear
 F - a scroll of brand weapon
Potions
 e - 9 potions of curing
 f - 10 potions of heal wounds
 g - 6 potions of haste
 h - 7 potions of magic
 i - 3 potions of berserk rage
 k - 2 potions of brilliance
 l - 2 potions of invisibility
 m - 4 potions of resistance
 o - 5 potions of might
Books
 I - a manual of Fighting


   Skills:
 + Level 10.3 Fighting
 + Level 8.3 Short Blades
 + Level 10.5 Long Blades
 + Level 8.3 Axes
 + Level 8.3 Maces & Flails
 + Level 8.3 Polearms
 + Level 8.3 Staves
 + Level 8.3 Slings
 + Level 8.3 Bows
 + Level 8.3 Crossbows
 + Level 9.5 Throwing
 + Level 8.3 Armour
 + Level 10.5 Dodging
 + Level 8.3 Stealth
 + Level 8.3 Shields
 + Level 8.3 Unarmed Combat
 + Level 8.3 Spellcasting
 + Level 6.9 Conjurations
 + Level 6.9 Hexes
 + Level 6.9 Summonings
 + Level 6.9 Necromancy
 + Level 6.9 Translocations
 + Level 6.9 Transmutations
 + Level 6.9 Fire Magic
 + Level 6.9 Ice Magic
 + Level 6.9 Air Magic
 + Level 6.9 Earth Magic
 + Level 6.9 Poison Magic
 + Level 9.1 Invocations
 + Level 8.3 Evocations


You had 24 spell levels left.
You didn't know any spells.
Your spell library was empty.

Dungeon Overview and Level Annotations

Branches:
Dungeon (1/1)

Altars:
Ashenzari
Cheibriados
Dithmenos
Elyvilon
Fedhas
Gozag
Hepliaklqana
Kikubaaqudgha
Makhleb
Nemelex Xobeh
Okawaru
Qazlal
Ru
Sif Muna
Trog
Uskayaw
Vehumet
Wu Jian
Xom
Yredelemnul
Zin
The Shining One
Beogh
Jiyva
Lugonu

Annotations:
D 1 transporter


Innate Abilities, Weirdness & Mutations

Your experience applies equally to all skills.
You have very sharp teeth.
Your uncanny sense of smell can sniff out nearby items.


Message History

The river rat bites you. The cane toad barely misses you.
The komodo dragon bites you!! The basilisk bites you.
The river rat bites you but does no damage.
The cane toad stings you. The komodo dragon bites you!
* * * LOW HITPOINT WARNING * * *
The basilisk gazes at you. You resist with some effort.
The river rat bites you!
* * * LOW HITPOINT WARNING * * *
The cane toad stings you!
* * * LOW HITPOINT WARNING * * *
The komodo dragon bites you but does no damage.
The basilisk bites you.
* * * LOW HITPOINT WARNING * * *
The river rat bites you but does no damage.
The cane toad stings you!
* * * LOW HITPOINT WARNING * * *
The komodo dragon bites you but does no damage.
The basilisk bites you!
You die...

▓...|)...▓..:)....▓
▓...[....▓..|.:...▓
▓........▓........▓
▓........▓........▓
∆∆
▓........▓........▓
∆∆
▓...©....▓...©....▓
▓▓▓▓▓▓▓▓▓▓▓▓▓▓▓▓▓▓▓
▓...8©8...▓..8©8..▓
▓..|:)}l@.▓..=.)..▓
▓...:||Flr▓..)....▓
▓.........▓.......▓
▓.........▓.......▓
▓.........▓...)...▓
▓.........▓.......▓
▓.▓.....▓.▓.▓...▓.▓
▓....©....▓...©...▓
▓▓▓▓▓▓▓▓▓▓▓▓▓▓▓▓▓▓▓


You could see a komodo dragon, a cane toad, a basilisk and a river rat.

Vanquished Creatures
  A spriggan druid (D)
  A smoke demon (D)
  An orange demon (D)
  A red devil (D)
  A jumping spider (D)
  A hornet (D)
  A tarantella (D)
  2 spriggans (D)
  A basilisk (D)
  A water moccasin (D)
  2 black bears (D)
  2 wolves (D)
  2 bullfrogs (D)
  A scorpion (D)
  A crimson imp (D)
  A quasit (D)
  3 iron imps (D)
  An iguana (D)
  2 river rats (D)
  A white imp (D)
  2 ufetubi (D)
  3 jackals (D)
  A leopard gecko zombie (D)
33 creatures vanquished.

Vanquished Creatures (collateral kills)
  An iguana (D)
1 creature vanquished.

Grand Total: 34 creatures vanquished

Notes
Turn   | Place    | Note
-------+----------+-------------------------------------------
     0 | D        | Adamkad1 the Gnoll Gladiator began the quest for the Orb.
     0 | D        | Reached XP level 1. HP: 20/20 MP: 1/1
     0 | D        | Found a shimmering blue altar of Sif Muna.
     0 | D        | Found a bloodstained altar of Trog.
     0 | D        | Found a sacrificial altar of Ru.
     0 | D        | Found a stormy altar of Qazlal.
     0 | D        | Found an iron altar of Okawaru.
     1 | D        | Found a sparkling altar of Nemelex Xobeh.
     1 | D        | Found a blossoming altar of Fedhas.
     2 | D        | Found the +6 Majin-Bo {vamp, MP+6 Int+6}
     2 | D        | Found the +9 heavy crossbow "Sniper" {vorpal, Acc+∞ SInv}
     2 | D        | Found the +10 dark maul {vorpal}
     2 | D        | Found the +15 Maxwell's patent armour {-Cast -Tele rElec
                  | Will+ rCorr}
     2 | D        | Found the +18 shield of the Gong {rElec rN+ Will+ EV-5}
     2 | D        | Found the cursed +14 obsidian axe {vorpal, +Fly SInv
                  | *Curse}
     2 | D        | Found the +7 great mace "Firestarter" {inner flame, rF++}
     2 | D        | Found the +6 shillelagh "Devastator" {shatter}
     2 | D        | Found the +11 plutonium sword {*Contam Stlth-}
     2 | D        | Found the +8 lance "Wyrmbane" {slay drac, rPois rF+ rC+
                  | AC+3}
     2 | D        | Found the +9 sword of Zonguldrok {reap}
     2 | D        | Found the cursed +13 scythe of Curses {drain, *Curse}
     2 | D        | Found the +0 sword of Power
     2 | D        | Found the +7 mace of Variability {chain chaos}
     2 | D        | Found the +7 Singing Sword {vorpal, sonic wave}
     2 | D        | Found the +8 storm bow {elec, penet}
     3 | D        | Found a transporter.
     3 | D        | Found an ancient bone altar of Kikubaaqudgha.
     3 | D        | Found a viscous altar of Jiyva.
     3 | D        | Found a corrupted altar of Lugonu.
     3 | D        | Found a hazy altar of Hepliaklqana.
     3 | D        | Found a burning altar of Makhleb.
     3 | D        | Found an opulent altar of Gozag.
    19 | D        | Reached skill level 5 in Fighting
    19 | D        | Reached skill level 5 in Throwing
    19 | D        | Reached skill level 1 in Conjurations
    19 | D        | Reached skill level 1 in Hexes
    19 | D        | Reached skill level 1 in Summonings
    19 | D        | Reached skill level 1 in Necromancy
    19 | D        | Reached skill level 1 in Translocations
    19 | D        | Reached skill level 1 in Transmutations
    19 | D        | Reached skill level 1 in Fire Magic
    19 | D        | Reached skill level 1 in Ice Magic
    19 | D        | Reached skill level 1 in Air Magic
    19 | D        | Reached skill level 1 in Earth Magic
    19 | D        | Reached skill level 1 in Poison Magic
    19 | D        | Reached XP level 2. HP: 27/27 MP: 1/5
    99 | D        | Became a worshipper of the Wu Jian Council
   113 | D        | Entered arena 2.
   113 | D        | Noticed a crimson imp
   113 | D        | Found a transporter.
   120 | D        | Killed a crimson imp
   121 | D        | Reached XP level 3. HP: 11/33 MP: 7/7
   318 | D        | Got the ring of Doenaago {+Blink Dex+6}
   324 | D        | Entered arena 3.
   324 | D        | Noticed a scorpion
   324 | D        | Noticed a tarantella
   324 | D        | Noticed a jumping spider
   324 | D        | Found a transporter.
   334 | D        | Killed a tarantella
   334 | D        | Reached * piety under Wu Jian
   335 | D        | Reached XP level 4. HP: 14/41 MP: 8/10
   335 | D        | Reached XP level 5. HP: 17/47 MP: 8/11
   336 | D        | Reached XP level 6. HP: 19/53 MP: 8/12
   337 | D        | Killed a jumping spider
   337 | D        | Reached ** piety under Wu Jian
   338 | D        | Reached skill level 5 in Short Blades
   338 | D        | Reached skill level 5 in Axes
   338 | D        | Reached skill level 5 in Maces & Flails
   338 | D        | Reached skill level 5 in Polearms
   338 | D        | Reached skill level 5 in Staves
   338 | D        | Reached skill level 5 in Slings
   338 | D        | Reached skill level 5 in Bows
   338 | D        | Reached skill level 5 in Crossbows
   338 | D        | Reached skill level 5 in Armour
   338 | D        | Reached skill level 5 in Stealth
   338 | D        | Reached skill level 5 in Shields
   338 | D        | Reached skill level 5 in Unarmed Combat
   338 | D        | Reached skill level 5 in Spellcasting
   338 | D        | Reached skill level 5 in Invocations
   338 | D        | Reached skill level 5 in Evocations
   338 | D        | Reached XP level 7. HP: 22/60 MP: 8/14
   533 | D        | Entered arena 4.
   533 | D        | Found a transporter.
   547 | D        | Entered arena 5.
   547 | D        | Found a transporter.
   550 | D        | Reached *** piety under Wu Jian
   557 | D        | Reached **** piety under Wu Jian
   572 | D        | Entered arena 6.
   572 | D        | Found a transporter.
   581 | D        | Reached skill level 5 in Conjurations
   581 | D        | Reached skill level 5 in Hexes
   581 | D        | Reached skill level 5 in Summonings
   581 | D        | Reached skill level 5 in Necromancy
   581 | D        | Reached skill level 5 in Translocations
   581 | D        | Reached skill level 5 in Transmutations
   581 | D        | Reached skill level 5 in Fire Magic
   581 | D        | Reached skill level 5 in Ice Magic
   581 | D        | Reached skill level 5 in Air Magic
   581 | D        | Reached skill level 5 in Earth Magic
   581 | D        | Reached skill level 5 in Poison Magic
   583 | D        | Reached ***** piety under Wu Jian
   622 | D        | Entered arena 7.
   622 | D        | Noticed a smoke demon
   622 | D        | Noticed an orange demon
   622 | D        | Noticed a red devil
   623 | D        | Identified the cursed +2 shortbow "Spiderbane" {venom,
                  | rPois rN+ Int-5}
   623 | D        | Found a transporter.
   625 | D        | Killed an orange demon
   626 | D        | Reached XP level 8. HP: 68/68 MP: 17/17
   632 | D        | Killed a smoke demon
   636 | D        | Killed a red devil
   637 | D        | Reached XP level 9. HP: 22/75 MP: 17/19
   987 | D        | Entered arena 8.
   987 | D        | Noticed a spriggan druid
   987 | D        | Noticed a spriggan rider
   988 | D        | Found a transporter.
   991 | D        | Killed a spriggan druid
   992 | D        | Reached skill level 10 in Long Blades
   992 | D        | Reached skill level 10 in Dodging
   999 | D        | Killed a hornet
  1000 | D        | Reached skill level 10 in Fighting
  1258 | D        | Entered arena 9.
  1258 | D        | Noticed a komodo dragon
  1258 | D        | Noticed a cane toad
  1259 | D        | Found a transporter.
  1275 | D        | Slain by a basilisk

Illustrated notes

Levels and vault maps discovered:
D:        sprint_v [room_start, room_1, room_2, room_3, room_4, room_5, room_6,
          room_7, room_8, room_9, room_10, room_11, room_12, room_13, room_14,
          room_15, room_16, room_17, room_18, room_19, room_20, room_21,
          room_22, room_23, room_24, room_25, room_26, room_27]

Skill      XL: |  1  2  3  4  5  6  7  8  9 |
---------------+----------------------------+-----
Fighting       | 5 6 7 8 10 | 10.3
Short Blades   | 2 4 5 6 7 8 |  8.3
Long Blades    | 7 8 9 10 | 10.5
Axes           | 2 4 5 6 7 8 |  8.3
Maces & Flails | 2 4 5 6 7 8 |  8.3
Polearms       | 2 4 5 6 7 8 |  8.3
Staves         | 2 4 5 6 7 8 |  8.3
Slings         | 2 4 5 6 7 8 |  8.3
Bows           | 2 4 5 6 7 8 |  8.3
Crossbows      | 2 4 5 6 7 8 |  8.3
Throwing       | 5 6 7 8 9 |  9.5
Armour         | 2 4 5 6 7 8 |  8.3
Dodging        | 7 8 9 10 | 10.5
Stealth        | 2 4 5 6 7 8 |  8.3
Shields        | 2 4 5 6 7 8 |  8.3
Unarmed Combat | 2 4 5 6 7 8 |  8.3
Spellcasting   | 2 4 5 6 7 8 |  8.3
Conjurations   | 1 2 3 4 5 6 |  6.9
Hexes          | 1 2 3 4 5 6 |  6.9
Summonings     | 1 2 3 4 5 6 |  6.9
Necromancy     | 1 2 3 4 5 6 |  6.9
Translocations | 1 2 3 4 5 6 |  6.9
Transmutations | 1 2 3 4 5 6 |  6.9
Fire Magic     | 1 2 3 4 5 6 |  6.9
Ice Magic      | 1 2 3 4 5 6 |  6.9
Air Magic      | 1 2 3 4 5 6 |  6.9
Earth Magic    | 1 2 3 4 5 6 |  6.9
Poison Magic   | 1 2 3 4 5 6 |  6.9
Invocations    | 2 3 4 5 7 9 |  9.1
Evocations     | 2 4 5 6 7 8 |  8.3

Action                   |  1- 3 |  4- 6 |  7- 9 || total
-------------------------+-------+-------+-------++-------
Melee: Double sword      |    11 |     2 |    63 ||    76
       Bite              |       |       |     9 ||     9
Invok: Whirlwind         |       |       |    46 ||    46
       Lunge             |       |       |     4 ||     4
       Serpent's Lash    |       |       |     3 ||     3
       Heavenly Storm    |       |       |     1 ||     1
  Use: Potion            |     1 |       |     1 ||     2
 Stab: Sleeping          |       |       |     6 ||     6
Armor: Leather armour    |     5 |       |    19 ||    24
Dodge: Dodged            |    21 |       |    69 ||    90
       Rpst.: Double sword |     3 |       |     9 ||    12

Table legend: (Time is in decaauts)
 A = Elapsed time spent in this place.
 B = Non-inter-level travel time spent in this place.
 C = Inter-level travel time spent in this place.
 D = Time resting spent in this place.
 E = Time spent auto-exploring this place.
 F = Levels seen in this place.
 G = Mean time per level.
                   A        B        C        D        E       F      G
               +--------+--------+--------+--------+--------+-----+--------+
         Total |   1276 |   1276 |      0 |   1010 |      0 |   1 | 1276.0 |
       Dungeon |   1276 |   1276 |      0 |   1010 |      0 |   1 | 1276.0 |
               +--------+--------+--------+--------+--------+-----+--------+

Top non-repeatable levels by time:
       D: 1276 daAuts
